 Dungeon Crawl Stone Soup version 0.21.1-1-g345015f (webtiles) character file.

3362 Solrac the Basher (level 9, -3/127 HPs)
             Began as a Minotaur Berserker on Mar 8, 2018.
             Was an Elder of Trog.
             Slain by a yak (8 damage)
             ... on level 9 of the Dungeon.
             The game lasted 00:42:25 (8159 turns).

Solrac the Basher (Minotaur Berserker)              Turns: 8159, Time: 00:42:26

Health: -3/127     AC: 12    Str: 28    XL:     9   Next: 73%
Magic:  17/17      EV:  7    Int:  4    God:    Trog [****..]
Gold:   300        SH:  5    Dex: 12    Spells: 8/8 levels left

rFire    . . .     SeeInvis .   v - +2 morningstar (distort)
rCold    . . .     Gourm    .   u - +0 buckler
rNeg     + . .     Faith    .   n - +0 plate armour
rPois    .         Spirit   .   (helmet restricted)
rElec    .         Reflect  +   t - +0 cloak
rCorr    .         Harm     .   (no gloves)
MR       .....                  (no boots)
Stlth    ..........             z - +2 amulet of reflection
HPRegen  0.31/turn              x - ring of magical power
MPRegen  0.15/turn              B - ring of positive energy

@: berserking, lethally poisoned (-3 -> -7), very quick
A: retaliatory headbutt, horns 2
a: Berserk, Trog's Hand, Brothers in Arms, Burn Spellbooks, Renounce Religion


You were on level 9 of the Dungeon.
You worshipped Trog.
Trog was greatly pleased with you.
You were near starving.

You visited 2 branches of the dungeon, and saw 10 of its levels.

You collected 397 gold pieces.
You spent 97 gold pieces at shops.

Inventory:

Hand Weapons
 a - a +0 mace
 h - a +0 morningstar
 v - a +2 morningstar of distortion (weapon)
Missiles
 b - 2 tomahawks
 e - 163 stones (quivered)
 q - 4 tomahawks of returning
Armour
 i - a +0 ring mail
 n - a +0 plate armour (worn)
 p - quicksilver dragon scales
 t - a +0 cloak (worn)
 u - a +0 buckler (worn)
Jewellery
 x - a ring of magical power (left hand)
 y - an uncursed ring of ice
 z - a +2 amulet of reflection (around neck)
 B - a ring of positive energy (right hand)
Wands
 k - a wand of scattershot (6)
 w - a wand of acid (8)
 A - a wand of random effects (32)
 E - a wand of disintegration (14)
Scrolls
 f - 4 scrolls of teleportation
 j - 3 scrolls of magic mapping
 m - 2 scrolls of identify
 o - 7 scrolls of remove curse
 D - a scroll of blinking
 F - a scroll of acquirement {unknown}
Potions
 d - 2 potions of magic
 g - a potion of berserk rage
 l - 6 potions of flight
 r - 3 potions of heal wounds
 s - a potion of lignification
Comestibles
 c - 24 rations
 C - 3 chunks of flesh


   Skills:
 + Level 10.2 Fighting
 * Level 13.4 Maces & Flails
 - Level 2.4 Armour
 - Level 2.1 Dodging


You had 8 spell levels left.
You didn't know any spells.

Dungeon Overview and Level Annotations

Branches:
Dungeon (9/15)             Temple (1/1) D:4            Lair (0/6) D:9
    Orc: D:9-12

Altars:
Ashenzari
Cheibriados
Dithmenos
Elyvilon
Fedhas
Gozag
Hepliaklqana
Kikubaaqudgha
Makhleb
Nemelex Xobeh
Okawaru
Qazlal
Sif Muna
Trog
Uskayaw
Vehumet
Wu Jian
Xom
Yredelemnul
Zin
The Shining One

Shops:
D:5 [=[[   D:8 =   D:9 }*[


Innate Abilities, Weirdness & Mutations

You reflexively headbutt those who attack you in melee.
You have a pair of horns on your head.


Message History

You puncture the death yak!
Space bends around the death yak.
The death yak is heavily wounded.
You feel sick.
The yak snorts and paws the ground.
You hit the death yak.
The death yak is heavily wounded.
The death yak blinks!
You feel sick.
You impale the killer bee!!
You feel the power of Trog in you as your rage grows.
You kill the killer bee!
Trog accepts your kill. The yak gores you but does no damage.
You bludgeon the yak!! You headbutt the yak!
The yak is almost dead.
The yak blinks!
You feel sick.
You puncture the death yak!
The death yak is lightly wounded.
The death yak disappears!
The yak barely misses you. The yak gores you!
You die...

.#.. #....#..........#........>.
.#.. #....#..........#).........
.#....#....#..........#......Y...
.#....#....#.....######........#.
##....#....#.....#...............
......#....#.....#...............
......######.....+...............
............Y..Y.#.........!....?
................@#....Y..........
......∩........YY#...............
...........Y....Y#.⌠.⌠......#####
.................#..∩.......#
.................#.⌠.⌠..#####
.....................#..+
.......#####.........#..#
.......# ####......#..# .......#
#....).#..#


You could see a death yak and 5 yaks.

Vanquished Creatures
  Pikel (D:6)
  2 dream sheep (D:8)
  Sigmund (D:4)
  A wyvern (D:8)
  A yak (D:8)
  Menkaure (D:6)
  Grum (D:8)
  The ghost of jazmu the Magician, an amateur DsFE (D:3)
  A sky beast (D:6)
  A black bear (D:8)
  3 wolves (D:8)
  2 ogres
  A centaur (D:7)
  3 big kobolds (D:8)
  4 bullfrogs (D:6)
  A wyvern zombie (D:4)
  A scorpion (D:4)
  A killer bee (D:9)
  A crimson imp (D:8)
  A centaur zombie (D:5)
  A hound (D:4)
  Crazy Yiuf (D:6)
  3 orc wizards
  2 iguanas
  A worker ant (D:6)
  Robin (D:2)
  13 adders
  2 oozes
  An adder zombie (D:8)
  3 worms
  3 dart slugs
  4 leopard geckos
  19 orcs
  9 bats
  2 giant cockroaches
  14 hobgoblins
  9 jackals
  3 quokkas
  5 frilled lizards
  A giant cockroach zombie (D:5)
  17 goblins
  4 kobolds
  A leopard gecko skeleton (D:4)
  3 rats (D:2)
151 creatures vanquished.

Vanquished Creatures (others)
  A plant (D:8)
1 creature vanquished.

Grand Total: 152 creatures vanquished

Notes
Turn   | Place    | Note
-------+----------+-------------------------------------------
     0 | D:1      | Solrac the Minotaur Berserker began the quest for the Orb.
     0 | D:1      | Reached XP level 1. HP: 19/19 MP: 0/0
   189 | D:1      | Reached skill level 4 in Maces & Flails
   239 | D:1      | Reached XP level 2. HP: 27/27 MP: 1/1
   822 | D:2      | Noticed Robin
   822 | D:2      | Reached XP level 3. HP: 32/33 MP: 2/2
   825 | D:2      | Reached ** piety under Trog
   829 | D:2      | Reached skill level 5 in Maces & Flails
   841 | D:2      | Killed Robin
   848 | D:2      | HP: 1/34 [adder (1)]
   852 | D:2      | Reached XP level 4. HP: 1/41 MP: 3/3
  1274 | D:2      | Found a radiant altar of Vehumet.
  1441 | D:2      | Found a faded altar of an unknown god.
  1884 | D:3      | Found a shadowy altar of Dithmenos.
  1886 | D:3      | Noticed jazmu's ghost (amateur DsFE)
  1897 | D:3      | Killed jazmu's ghost
  1897 | D:3      | Reached skill level 5 in Fighting
  1897 | D:3      | Reached skill level 6 in Maces & Flails
  1897 | D:3      | Reached XP level 5. HP: 23/48 MP: 4/4
  2117 | D:3      | Found a burning altar of Makhleb.
  2200 | D:3      | Reached *** piety under Trog
  2248 | D:3      | Found an ornate altar of the Wu Jian Council.
  2769 | D:4      | Found a sparkling altar of Nemelex Xobeh.
  2824 | D:4      | Reached skill level 7 in Maces & Flails
  2826 | D:4      | Reached XP level 6. HP: 48/56 MP: 5/5
  3170 | D:4      | Found a glowing golden altar of the Shining One.
  3170 | D:4      | Found a snail-covered altar of Cheibriados.
  3413 | D:4      | Reached skill level 8 in Maces & Flails
  3478 | D:4      | Found a staircase to the Ecumenical Temple.
  3502 | Temple   | Entered the Ecumenical Temple
  3811 | D:4      | Reached **** piety under Trog
  3874 | D:4      | Noticed Sigmund
  3888 | D:4      | Killed Sigmund
  3888 | D:4      | Reached XP level 7. HP: 44/64 MP: 6/6
  4123 | D:5      | Entered Level 5 of the Dungeon
  4196 | D:5      | Found Ihideili's Jewellery Shop.
  4196 | D:5      | Found Saotim's Antique Armour Shop.
  4223 | D:5      | Found Holut's Antique Armour Shop.
  4581 | D:5      | Found Imyhi's Armour Shoppe.
  4715 | D:5      | Reached skill level 9 in Maces & Flails
  4888 | D:6      | Noticed Menkaure
  4912 | D:6      | Killed Menkaure
  4912 | D:6      | Reached skill level 10 in Maces & Flails
  4912 | D:6      | Reached XP level 8. HP: 18/73 MP: 7/7
  5545 | D:6      | Noticed Pikel
  5561 | D:6      | Killed Pikel
  5561 | D:6      | Reached skill level 11 in Maces & Flails
  5714 | D:6      | Found a runed door.
  5718 | D:6      | Noticed Crazy Yiuf
  5722 | D:6      | Killed Crazy Yiuf
  6174 | D:7      | Found a blossoming altar of Fedhas.
  6411 | D:8      | Reached XP level 9. HP: 68/83 MP: 8/8
  6699 | D:8      | Found Ipsumiw's Jewellery Shop.
  6702 | D:8      | Bought a +2 amulet of reflection for 97 gold pieces
  6721 | D:8      | Reached skill level 12 in Maces & Flails
  7091 | D:8      | Noticed Grum
  7104 | D:8      | Killed Grum
  7780 | D:8      | Noticed a two-headed hydra
  7787 | D:8      | Reached skill level 13 in Maces & Flails
  7852 | D:8      | Reached skill level 10 in Fighting
  8089 | D:9      | Found Buakhlih's Gadget Shop.
  8105 | D:9      | Found Xeengura's Armour Emporium.
  8109 | D:9      | Found Weutseot's General Store.
  8125 | D:9      | Noticed a death yak
  8127 | D:9      | Found a staircase to the Lair.
  8127 | D:9      | Noticed a death yak
  8129 | D:9      | Noticed a death yak
  8154 | D:9      | HP: 6/127 [poisoned by a killer bee]
  8159 | D:9      | Slain by a yak

Skill      XL: |  1  2  3  4  5  6  7  8  9 |
---------------+----------------------------+-----
Maces & Flails | 4 5 6 7 8 10 11 13 | 13.4
Fighting       | 4 5 6 7 9 10 | 10.2
Armour         | |  2.4
Dodging        | |  2.1

Action                   |  1- 3 |  4- 6 |  7- 9 || total
-------------------------+-------+-------+-------++-------
Melee: Mace              |    57 |    19 |       ||    76
       Headbutt          |     9 |    29 |    34 ||    72
       Flail             |       |    35 |       ||    35
       Morningstar       |       |   105 |   174 ||   279
Invok: Berserk           |     1 |       |     2 ||     3
  Use: Scroll            |       |     9 |     5 ||    14
  Eat: Chunk             |       |    10 |    14 ||    24
Armor: Animal skin       |     7 |     2 |       ||     9
       Ring mail         |       |    14 |       ||    14
       Plate armour      |       |    89 |   123 ||   212
Dodge: Dodged            |    43 |    76 |    51 ||   170
Block: Buckler           |       |       |    15 ||    15
